 Dungeon Crawl Stone Soup version 0.32-a0-921-g04a7ad8e02 (webtiles) character file.

Game seed: 14112207761670829828

378 Autsider the Trooper (level 7, -2/57 HPs)
             Began as a Formicid Fighter on Apr 11, 2024.
             Was an Initiate of Qazlal.
             Slain by a lemure (7 damage)
             ... led by Pikel
             ... on level 4 of the Dungeon.
             The game lasted 00:07:59 (3613 turns).

Autsider the Trooper (Formicid Fighter)             Turns: 3613, Time: 00:07:59

Health: -2/57      AC:  6    Str: 23    XL:     7   Next: 4%
Magic:  8/8        EV:  8    Int:  7    God:    Qazlal [......]
Gold:   150        SH:  9    Dex: 13    Spells: 6/6 levels left

rFire   . . .        g - +0 battleaxe
rCold   . . .        c - +0 buckler
rNeg    + . .        b - +0 scale mail
rPois   .            (helmet unavailable)
rElec   .            (no cloak)
rCorr   .            (no gloves)
SInv    +            (no boots)
Will    .....        n - amulet of reflection Stlth
                     t - ring of positive energy
HPRegen 0.29/turn    (no ring)
MPRegen 0.11/turn

%: reflection
@: no status effects
A: permanent stasis, dig shafts and tunnels, antennae 3, four strong arms
a: Dig, Shaft Self, Renounce Religion


You were on level 4 of the Dungeon.
You worshipped Qazlal.
Qazlal was noncommittal.
You visited 1 branch of the dungeon, and saw 4 of its levels.

You collected 150 gold pieces.

Inventory:

Hand Weapons
 a - a +0 war axe
 g - a +0 battleaxe (weapon)
Missiles
 h - 5 javelins (quivered)
 i - 4 poisoned darts
Armour
 b - a +0 scale mail (worn)
 c - a +0 buckler (worn)
Jewellery
 n - an amulet of reflection (around neck)
 t - a ring of positive energy (left hand)
Talismans
 k - a beast talisman
Scrolls
 f - a scroll of amnesia
 j - a scroll of enchant weapon {unknown}
 l - a scroll of fog
 o - a scroll of teleportation {unknown}
 q - a scroll of identify {@r1}
 s - a scroll of poison
 u - a scroll of blinking {unknown}
Potions
 m - a potion of invisibility {unknown}
 p - a potion of brilliance {unknown}
 r - a potion of lignification {unknown}
 v - 2 potions of degeneration {unknown}


   Skills:
 + Level 5.9 Fighting
 + Level 4.8 Axes
 - Level 3.2 Armour
 - Level 4.0 Shields
 + Level 2.2 Invocations


You had 6 spell levels left.
You didn't know any spells.
Your spell library was empty.

Dungeon Overview and Level Annotations

Branches:
Dungeon (4/15)             Temple (0/1) D:4

Altars:
Ashenzari
Hepliaklqana
Qazlal
Sif Muna
Xom
Zin

Annotations:
D:3 1 runed translucent door, exclusion: 2 downstairs, Crazy Yiuf
D:4 Pikel


Innate Abilities, Weirdness & Mutations

You cannot be hasted, slowed, berserked, paralysed or teleported.
You can dig through walls and to a lower floor.
You have a pair of large antennae on your head. (SInv)
Your four strong arms can wield two-handed weapons with a shield.


Message History

You barely miss Pikel.
Pikel is lightly wounded.
You block Pikel's attack.
You hit Pikel but do no damage.
Pikel is lightly wounded.
Pikel hits you with a +1 whip of freezing.
* * * LOW HITPOINT WARNING * * *
Pikel freezes you.
* * * LOW HITPOINT WARNING * * *
You block Pikel's attack.
The lemure shouts!
You hit Pikel.
Pikel is moderately wounded.
Pikel hits you with a +1 whip of freezing!
* * * LOW HITPOINT WARNING * * *
Pikel freezes you.
* * * LOW HITPOINT WARNING * * *
You closely miss Pikel.
Pikel is moderately wounded.
The lemure shouts!
You block Pikel's attack.
Pikel hits you with a +1 whip of freezing.
* * * LOW HITPOINT WARNING * * *
Pikel freezes you.
* * * LOW HITPOINT WARNING * * *
You closely miss Pikel.
Pikel is moderately wounded.
Pikel barely misses you.
You barely miss Pikel.
Pikel is moderately wounded.
Pikel hits you with a +1 whip of freezing.
* * * LOW HITPOINT WARNING * * *
Pikel freezes you.
* * * LOW HITPOINT WARNING * * *
Pikel hits you with a +1 whip of freezing.
* * * LOW HITPOINT WARNING * * *
Pikel freezes you.
* * * LOW HITPOINT WARNING * * *
The lemure attacks as it pursues you! The lemure hits you!
You die...

#.....(..PPP..
######.........#.
#....######....#
#.%...#...#....#
#.....#...#....#
#.....#...'5...#
#.....#...#K...#
#....##..##5...##
#....##..#.@....#
#..[.....#......#
#........#......#
#....##..#......#
####†##..#......#
#........#......#
#....#####......####
#....#..............
#....#..............


You could see Pikel and 2 lemures.

Vanquished Creatures
  A water moccasin (D:4)
  A black bear (D:2)
  2 lemures (D:3)
  A bombardier beetle (D:3)
  6 adders
  2 dart slugs (D:1)
  7 orcs (D:3)
  9 bats
  5 endoplasms
  A giant cockroach (D:3)
  8 hobgoblins
  4 quokkas
  6 ball pythons
  A frilled lizard (D:1)
  6 goblins
  10 kobolds
  6 rats
76 creatures vanquished.

Notes
Turn   | Place    | Note
-------+----------+-------------------------------------------
     0 | D:1      | Autsider the Formicid Fighter began the quest for the Orb.
     0 | D:1      | Reached XP level 1. HP: 18/18 MP: 1/1
    41 | D:1      | Reached XP level 2. HP: 24/24 MP: 2/2
   274 | D:1      | Reached XP level 3. HP: 25/30 MP: 3/3
   342 | D:1      | Found a faded altar of an unknown god.
   361 | D:1      | Reached skill level 4 in Fighting
  1195 | D:2      | Reached XP level 4. HP: 31/37 MP: 4/4
  1565 | D:2      | Noticed a black bear
  1579 | D:2      | Killed a black bear
  1580 | D:2      | Reached skill level 5 in Fighting
  1580 | D:2      | Reached XP level 5. HP: 9/44 MP: 5/5
  2414 | D:3      | Reached XP level 6. HP: 45/49 MP: 6/6
  2565 | D:3      | Found a shimmering altar of Xom.
  2565 | D:3      | Found a hazy altar of Hepliaklqana.
  2571 | D:3      | Found a shimmering blue altar of Sif Muna.
  2574 | D:3      | Found a stormy altar of Qazlal.
  2576 | D:3      | Found a broken altar of Ashenzari.
  2580 | D:3      | Became a worshipper of Qazlal Stormbringer
  2582 | D:3      | Found a glowing silver altar of Zin.
  2649 | D:3      | Reached skill level 1 in Invocations
  2895 | D:3      | Found a runed translucent door.
  2896 | D:3      | Noticed Crazy Yiuf
  3059 | D:4      | Found a staircase to the Ecumenical Temple.
  3081 | D:4      | Noticed Pikel
  3291 | D:4      | Noticed an ogre
  3415 | D:4      | Noticed a water moccasin
  3437 | D:4      | Killed a water moccasin
  3438 | D:4      | Reached XP level 7. HP: 21/57 MP: 6/8
  3613 | D:4      | Slain by a lemure

Illustrated notes

Levels and vault maps discovered:
D:1:      roderic_crop_circles_arrival_small, layout_loops_cross,
          dreamdust_ecumenical_altar_grove
D:2:      minmay_razor_zed, layout_basic, minmay_misc_feat_iff,
          minmay_misc_feat_tower
D:3:      layout_rooms, nicolae_overflow_hallway_of_the_gods,
          uniq_crazy_yiuf_cottage
D:4:      layout_gridville, lemuel_temple_firewalk_b, serial_bayou_pond_c,
          uniq_pikel

Skill      XL: |  1  2  3  4  5  6 |
---------------+-------------------+-----
Fighting       | 4 5 |  5.9
Axes           | 3 4 |  4.8
Invocations    | 2 |  2.2
Armour         | |  3.2
Shields        | |  4.0

Action                     |  1- 3 |  4- 6 |  7- 9 || total
---------------------------+-------+-------+-------++-------
  Melee: War axe           |    48 |       |       ||    48
         Battleaxe         |    26 |   172 |     6 ||   204
  Throw: Javelin           |       |    14 |     2 ||    16
    Use: Scroll            |     2 |     3 |       ||     5
         Potion            |       |     3 |       ||     3
 Armour: Scale mail        |    50 |   170 |     8 ||   228
  Dodge: Dodged            |    36 |    94 |     1 ||   131
  Block: Buckler           |    15 |    84 |     3 ||   102

Table legend: (Time is in decaauts)
 A = Elapsed time spent in this place.
 B = Non-inter-level travel time spent in this place.
 C = Inter-level travel time spent in this place.
 D = Time resting spent in this place.
 E = Time spent auto-exploring this place.
 F = Levels seen in this place.
 G = Mean time per level.
                   A        B        C        D        E       F      G
               +--------+--------+--------+--------+--------+-----+--------+
         Total |   3748 |   3534 |    214 |    417 |   2322 |   4 |  937.0 |
       Dungeon |   3748 |   3534 |    214 |    417 |   2322 |   4 |  937.0 |
               +--------+--------+--------+--------+--------+-----+--------+

Top non-repeatable levels by time:
     D:2: 1408 daAuts
     D:1: 997 daAuts
     D:3: 978 daAuts
     D:4: 363 daAuts
